Map: Blackpink LE

Players

NOTAKON

  • Race: Terran Terran
  • League: Master
  • Spawn Location: 1:00

freeSCsmurf - Winner!

  • Race: Zerg Zerg
  • Spawn Location: 7:00

VOD

Have the link to the VOD?

Description

Time

  • Played on: Dec. 28, 2017, 8:34 a.m.
  • Length: 8:22
Show
View Real Time Build Order
Export as new Build Order

NOTAKON Terran 

Build Orders: Command Center First (CC) 

Get SALT Encoding   

  12  0:01  SCV  
  13  0:13  SCV  
  14  0:17  Supply Depot  
  14  0:25  SCV  
  15  0:39  SCV  
  16  0:51  SCV  
  17  1:00  Command Center  
  17  1:03  SCV  
  18  1:15  Barracks  
  18  1:17  SCV  
  19  1:26  Refinery  
  19  1:29  SCV  
  20  1:37  Refinery  
  20  1:42  SCV  
  21  1:54  SCV  
  22  2:06  Marine, Orbital Command  
  23  2:13  Orbital Command  
  23  2:24  Marine  
  23  2:25  Factory  
  24  2:30  Bunker  
  24  2:33  SCV  
  25  2:39  SCV  
  25  2:42  Barracks Reactor  
  26  2:46  SCV  
  27  2:51  SCV  
  27  2:58  SCV  
  29  3:03  SCV  
  30  3:11  Supply Depot  
  30  3:13  SCV  
  30  3:15  SCV  
  31  3:25  Factory, SCV  
  31  3:27  Hellion x2  
  36  3:29  SCV  
  36  3:32  Barracks Reactor  
  37  3:37  SCV  
  37  3:41  SCV  
  39  3:44  Supply Depot  
  39  3:46  Supply Depot  
  39  3:47  Supply Depot  
  39  3:49  Engineering Bay  
  39  3:50  SCV  
  39  3:51  Hellion  
  39  3:52  Hellion  
  39  3:53  SCV  
  45  4:02  SCV  
  46  4:08  SCV  
  47  4:13  Cyclone  
  47  4:14  SCV  
  47  4:16  Cyclone  
  54  4:20  Hellion x2, SCV  
  59  4:26  SCV  
  60  4:36  SCV  
  61  4:42  SCV  
  61  4:43  Armory  
  62  4:48  Supply Depot  
  62  4:51  Hellion x4, Supply Depot  
  70  5:10  SCV x2  
  70  5:12  Cyclone  
  75  5:14  Hellion  
  75  5:19  Cyclone  
  80  5:22  Hellion  
  80  5:23  Command Center  
  80  5:27  SCV  
  83  5:32  SCV  
  84  5:36  Hellion  
  86  5:46  SCV x2  
  86  5:50  Cyclone  
  86  5:52  Hellion  
  86  5:55  Hellion  
  84  5:57  Cyclone  
  84  5:58  SCV x2  
  77  6:10  SCV x2  
  70  6:13  Hellion  
  70  6:16  Cyclone  
  70  6:17  Refinery  
  73  6:22  SCV x2  
  74  6:26  Cyclone  
  74  6:29  Cyclone  
  80  6:34  SCV x2, Cyclone  
  80  6:38  Refinery  
  85  6:40  Orbital Command  
  85  6:46  SCV x2  
  87  6:50  Hellion x5  
  87  6:51  Cyclone  
  90  6:58  SCV x2  
  92  7:04  Starport  
  92  7:09  Hellion  
  92  7:10  SCV x2  
  92  7:12  SCV  
  97  7:21  Factory  
  97  7:22  Factory Tech Lab  
  97  7:23  SCV  
  97  7:24  SCV  
  97  7:26  SCV  
  100  7:35  SCV  
  101  7:46  Command Center  
  101  7:47  Supply Depot  
  101  7:53  Supply Depot  
  101  7:55  SCV  
  101  7:57  SCV  
  101  7:58  Hellion, SCV  
  101  7:59  Hellion  
  78  8:09  SCV  
  67  8:15  Starport Reactor, Factory Reactor  
  67  8:18  Fusion Core  
Show
View Real Time Build Order
Export as new Build Order

freeSCsmurf Zerg - Winner!

Build Orders: Hatch First 

Get SALT Encoding   

  12  0:01  Drone  
  13  0:12  Overlord  
  13  0:17  Drone  
  14  0:30  Drone x2  
  14  0:34  Drone  
  17  0:53  Hatchery  
  17  0:55  Drone  
  17  0:58  Drone  
  18  1:09  Extractor  
  17  1:13  Spawning Pool  
  17  1:16  Drone  
  17  1:19  Drone  
  18  1:28  Drone  
  19  1:39  Overlord  
  19  1:49  Drone  
  20  2:00  Queen  
  20  2:01  Zergling x2  
  23  2:04  Queen  
  23  2:05  Zergling x2  
  26  2:09  Metabolic Boost  
  26  2:13  Drone  
  27  2:16  Drone  
  27  2:22  Drone  
  29  2:29  Drone  
  30  2:34  Drone  
  31  2:43  Drone  
  32  2:46  Hatchery  
  32  2:47  Overlord  
  31  2:52  Queen  
  31  2:55  Drone  
  31  2:57  Drone  
  35  3:00  Drone  
  36  3:06  Drone  
  36  3:11  Drone  
  36  3:12  Drone x2  
  40  3:13  Overlord  
  40  3:15  Drone  
  41  3:21  Zergling x2  
  41  3:24  Drone x2  
  44  3:31  Queen  
  44  3:32  Overlord  
  44  3:33  Drone  
  47  3:36  Drone  
  47  3:40  Drone  
  49  3:43  Drone, Overlord  
  49  3:45  Drone  
  49  3:46  Drone  
  51  3:56  Drone  
  51  4:00  Drone x3  
  51  4:01  Drone, Overlord  
  56  4:04  Evolution Chamber x2  
  56  4:07  Drone x2  
  56  4:15  Drone x2  
  56  4:16  Drone, Overlord  
  59  4:18  Drone  
  59  4:19  Drone  
  59  4:21  Drone  
  62  4:28  Roach Warren  
  61  4:31  Zergling x4  
  61  4:32  Extractor  
  61  4:33  Extractor  
  61  4:36  Zerg Ground Armor Level 1  
  61  4:37  Zergling x2  
  62  4:39  Zergling x2  
  62  4:40  Zergling x10  
  62  4:42  Overlord  
  68  4:45  Zerg Melee Weapons Level 1  
  69  4:52  Zergling x2  
  69  4:53  Zergling x10  
  69  4:56  Overlord  
  74  5:00  Overlord  
  74  5:06  Overlord  
  74  5:13  Roach x4  
  82  5:14  Overlord  
  82  5:17  Roach  
  82  5:18  Roach  
  82  5:19  Queen  
  82  5:21  Queen  
  88  5:26  Queen  
  92  5:31  Roach x3  
  92  5:34  Overlord  
  98  5:48  Roach x6  
  89  5:57  Zergling x16  
  89  6:02  Zergling x2  
  89  6:04  Drone  
  91  6:10  Lair  
  87  6:12  Drone x2  
  87  6:15  Drone  
  87  6:17  Drone  
  91  6:20  Drone  
  90  6:28  Drone x2  
  91  6:32  Drone  
  91  6:33  Drone x2  
  91  6:35  Ravager  
  91  6:36  Drone x2  
  91  6:37  Drone x3  
  99  6:43  Overlord  
  99  6:49  Zergling x2  
  99  6:50  Zergling x6  
  99  6:51  Hatchery  
  102  6:58  Zergling x6  
  105  7:04  Ravager x6  
  105  7:06  Zergling x2  
  105  7:07  Zergling x4  
  114  7:10  Drone x2  
  114  7:11  Drone, Extractor  
  114  7:12  Extractor, Overlord  
  114  7:15  Zergling x4  
  117  7:20  Extractor  
  116  7:23  Zergling x2  
  116  7:24  Zergling x4  
  116  7:27  Overlord  
  119  7:33  Hatchery  
  118  7:37  Zergling x2  
  118  7:38  Zergling x16  
  118  7:41  Zergling x6  
  130  7:50  Overlord  
  129  7:56  Zergling x10  
  129  7:57  Zergling x2  
Tags
 
Add a new tag
Caveats
  • Supply blocks, unpowered buildings, or Contaminate may cause inaccurate times.
  • Supply counts are checked every 10 seconds.